 Dungeon Crawl Stone Soup version 0.27-a0-988-g25969acef8 (webtiles) character file.

Game seed: 2534430891909549396

7574 Lanoc the Arsonist (level 11, -3/69 HPs)
             Began as a Formicid Fire Elementalist on Apr 15, 2021.
             Was a High Priest of Ashenzari.
             Slain by Snorg (8 damage)
             ... on level 10 of the Dungeon.
             The game lasted 00:26:51 (13177 turns).

Lanoc the Arsonist (Formicid Fire Elementalist)    Turns: 13177, Time: 00:26:51

Health: -3/69      AC: 11    Str: 12    XL:     11   Next: 39%
Magic:  2/18       EV: 14    Int: 19    God:    Ashenzari [*****.]
Gold:   484        SH: 10    Dex: 11    Spells: 5/20 levels left

rFire    + . .     SeeInvis +   p - +2 war axe "Share My Augurer" {freeze, Evo, Fort} (curse)
rCold    x . .     Faith    .   e - +0 kite shield "Visionary of the Sky" {Range, Melee} (curse)
rNeg     . . .     Spirit   .   a - +0 steam dragon scales
rPois    .         Reflect  .   (helmet unavailable)
rElec    .         Harm     .   r - +0 cloak of Ashenzari's Seeker {Alch, Bglg} (curse)
rCorr    .         Rampage  .   (no gloves)
Will     +....     Clarity  +   n - +0 pair of boots "Doubts of Ashenzari" {Self, Evo} (curse)
Stlth    ++........             l - amulet "Sorrow of the Heavens" {RegenMP, Elem, Comp} (curse)
HPRegen  0.21/turn              h - ring of the Eternal Seer {Fire, Bglg, Evo} (curse)
MPRegen  0.41/turn              v - ring "Bound Limitation" {AC+4, Self, Comp} (curse)

@: no status effects
A: permanent stasis, dig shafts and tunnels, antennae 3, four strong arms
a: Dig, Shaft Self, Renounce Religion, Shatter the Chains


You were on level 10 of the Dungeon.
You worshipped Ashenzari.
Ashenzari was extremely pleased with you.
You visited 2 branches of the dungeon, and saw 11 of its levels.
You also visited: Ossuary.

You collected 484 gold pieces.

Inventory:

Hand Weapons
 p - the cursed +2 war axe "Share My Augurer" (weapon) {freeze, Evo, Fort}
   (You found it on level 4 of the Dungeon)

   It has been specially enchanted to freeze those struck by it, causing extra
   injury to most foes and up to half again as much damage against particularly
   susceptible opponents.
   It can also slow down cold-blooded creatures.
   It has a curse which improves the following skills: Evocations: Evocations.
   Fortitude: Armour and Shields.
Armour
 a - +0 steam dragon scales (worn)
 e - the cursed +0 kite shield "Visionary of the Sky" (worn) {Range, Melee}
   (You found it on level 4 of the Dungeon)

   It has a curse which improves the following skills: Ranged Combat: Slings,
   Bows, Crossbows and Throwing.
   Melee Combat: Short Blades, Long Blades, Axes, Maces & Flails, Polearms,
   Staves and Unarmed Combat.
 n - the cursed +0 pair of boots "Doubts of Ashenzari" (worn) {Self, Evo}
   (You found it on level 2 of the Dungeon)

   It has a curse which improves the following skills: Introspection: Fighting
   and Spellcasting.
   Evocations: Evocations.
 r - the cursed +0 cloak of Ashenzari's Seeker (worn) {Alch, Bglg}
   (You found it on level 5 of the Dungeon)

   It has a curse which improves the following skills: Alchemy: Poison Magic and
   Transmutations.
   Beguiling: Conjurations, Hexes and Translocations.
Jewellery
 h - the cursed ring of the Eternal Seer (left hand) {Fire, Bglg, Evo}
   (You found it on level 1 of the Dungeon)

   [ring of fire]

   It enhances your fire magic.
   It protects you from fire.
   It makes you vulnerable to cold.
   It has a curse which improves the following skills: Beguiling: Conjurations,
   Hexes and Translocations.
   Evocations: Evocations.
 l - the cursed amulet "Sorrow of the Heavens" (around neck) {RegenMP, Elem, Comp}
   (You found it on level 1 of the Dungeon)

   [amulet of magic regeneration]

   It increases your rate of magic regeneration.
   It has a curse which improves the following skills: Elements: Fire Magic, Ice
   Magic, Air Magic and Earth Magic.
   Companions: Summonings and Necromancy.
 v - the cursed ring "Bound Limitation" (right hand) {AC+4, Self, Comp}
   (You found it on level 7 of the Dungeon)

   [ring of protection]

   It affects your AC (+4).
   It has a curse which improves the following skills: Introspection: Fighting
   and Spellcasting.
   Companions: Summonings and Necromancy.
 E - a ring of positive energy
Wands
 d - a wand of iceblast (24)
 j - a wand of charming (7)
 x - a wand of acid (5)
 y - a wand of polymorph (19)
Scrolls
 c - 6 scrolls of enchant weapon
 f - 5 scrolls of enchant armour
 g - a scroll of fear
 i - a scroll of fog
 k - 3 scrolls of magic mapping
 C - a scroll of summoning
 D - a scroll of silence
Potions
 b - 2 potions of haste
 m - 3 potions of might
 o - 9 potions of curing
 q - 6 potions of lignification
 s - 4 potions of flight
 t - 2 potions of ambrosia
 u - a potion of mutation
 w - a potion of heal wounds
 z - 2 potions of resistance
 A - a potion of attraction
Miscellaneous
 B - a phantom mirror


   Skills:
 + Level 7.9 Dodging
 - Level 2.4 Stealth
 - Level 5.7(8.4) Shields
 - Level 2.1(5.1) Spellcasting
 + Level 6.7(10.8) Conjurations
 * Level 12.0(14.3) Fire Magic


You had 5 spell levels left.
You knew the following spells:

 Your Spells              Type           Power      Damage    Failure   Level
a - Sticky Flame          Conj/Fire      68%        2d8       1%          4
b - Fireball              Conj/Fire      34%        3d14      2%          5
c - Bolt of Magma         Conj/Fire/Erth 27%        4d13      12%         5
h - Foxfire               Conj/Fire      100%       2x1d9     1%          1

Your spell library contained the following spells:

 Spells                   Type           Power      Damage    Failure   Level
 Magic Dart               Conj           100%       1d8       1%          1
 Conjure Flame            Conj/Fire      68%        6-21      1%          3
 Inner Flame              Hex/Fire       49%        N/A       1%          3
 Iskenderun's Battlesphe  Conj           45%        2d10      4%          5
 Mephitic Cloud           Conj/Pois/Air  19%        N/A       9%          3
 Animate Skeleton         Necr           14%        N/A       11%         1
 Apportation              Tloc           14%        N/A       11%         1
 Corona                   Hex            7%         N/A       11%         1
 Summon Small Mammal      Summ           28%        N/A       11%         1
 Call Imp                 Summ           7%         N/A       16%         2
 Slow                     Hex            7%         N/A       16%         2
 Call Canine Familiar     Summ           7%         N/A       32%         3
 Summon Guardian Golem    Hex/Summ       7%         N/A       32%         3
 Summon Ice Beast         Ice/Summ       6%         N/A       73%         4
 Summon Lightning Spire   Summ/Air       6%         N/A       73%         4
 Orb of Destruction       Conj           22%        9d9       80%         7
 Iron Shot                Conj/Erth      13%        9d3       91%         6
 Spellforged Servitor     Conj/Summ      13%        N/A       100%        7
 Blink                    Tloc           Unusable   N/A       N/A         2

Dungeon Overview and Level Annotations

Branches:
Dungeon (10/15)            Temple (1/1) D:4            Lair (0/6) D:9
Ossuary (visited)
    Orc: D:9-12

Altars:
Ashenzari
Cheibriados
Dithmenos
Elyvilon
Gozag
Kikubaaqudgha
Makhleb
Nemelex Xobeh
Okawaru
Uskayaw
Xom
Yredelemnul
The Shining One

Shops:
D:6 :   D:9 (

Annotations:
D:10 Snorg


Innate Abilities, Weirdness & Mutations

You cannot be hasted, slowed, berserked, paralysed or teleported.
You can dig through walls and to a lower floor.
You have a pair of large antennae on your head. (SInv)
Your four strong arms can wield two-handed weapons with a shield.


Message History

Snorg is moderately wounded.
Casting: Foxfire (safe; 1% risk of failure)
Confirm with . or Enter, or press ? or * to list all spells.
Aiming: Bolt of Magma (dangerous; 12% risk of failure)
Press: ? - help, Shift-Dir - straight line, f - Snorg
Aim: Snorg (moderately wounded, 71% to hit)
You feel a surge of power!
The bolt of magma hits Snorg!!
Snorg is heavily wounded.
Casting: Bolt of Magma (dangerous; 12% risk of failure)
Confirm with . or Enter, or press ? or * to list all spells.
Aiming: Bolt of Magma (dangerous; 12% risk of failure)
Press: ? - help, Shift-Dir - straight line, f/p - Snorg
Aim: Snorg (heavily wounded, 71% to hit)
You feel a surge of power!
The bolt of magma misses Snorg.
Casting: Bolt of Magma (dangerous; 12% risk of failure)
Confirm with . or Enter, or press ? or * to list all spells.
Aiming: Bolt of Magma (dangerous; 12% risk of failure)
Press: ? - help, Shift-Dir - straight line, f/p - Snorg
Aim: Snorg (heavily wounded, 71% to hit)
You feel a surge of power!
The bolt of magma hits Snorg!!
Snorg is almost dead.
Casting: Bolt of Magma (dangerous; 12% risk of failure)
Confirm with . or Enter, or press ? or * to list all spells.
Aiming: Sticky Flame (dangerous; 1% risk of failure)
Press: ? - help, Shift-Dir - straight line, f/p - Snorg
Aim: Snorg (severely wounded, 100% to hit)
You feel a surge of power!
The sticky flame hits Snorg!
Snorg is almost dead.
Snorg is covered in liquid flames!
Snorg burns!
Snorg goes berserk!
Snorg burns!
Snorg burns!
Snorg stops burning.
You block Snorg's attack. Snorg claws you. Snorg barely misses you.
You block Snorg's attack. Snorg claws you! Snorg closely misses you.
Snorg bites you. Snorg claws you!!
* * * LOW HITPOINT WARNING * * *
Snorg claws you!
* * * LOW HITPOINT WARNING * * *
As you read the scroll of fear, it crumbles to dust.
You assume a fearsome visage.
Snorg bites you!
You die...

#########.)............รท.....
*
#########.[..................,
*
.............................
,*
####.........................
,*
####............)............
*
####.........................
####.........................
,
####.................(.......,
####.....:......@T..<........,
.............................
*
#############################*
######## ########### #######
#######


You could see Snorg (berserk).

Vanquished Creatures
  An orc sorcerer (D:8)
  Maggie (D:9)
  A hornet (D:9)
  Eustachio (D:5)
  2 vampires (D:9)
  2 wraiths (Ossuary)
  A wyvern (D:10)
  A water moccasin (D:8)
  3 ice beasts
  5 orc warriors
  A sky beast (D:8)
  4 necrophages (D:10)
  An ogre (D:4)
  2 centaurs
  A phantom (D:5)
  2 kobold brigands
  7 bullfrogs
  A scorpion (D:4)
  A wyvern skeleton (D:7)
  A water moccasin skeleton (D:7)
  10 wights
  4 howler monkeys
  2 bullfrog zombies (D:6)
  8 crimson imps (D:8)
  5 centaur zombies
  8 orc priests
  2 bullfrog skeletons (D:5)
  5 hounds
  4 jellies
  3 iguanas (D:5)
  14 orc wizards
  3 hound skeletons
  4 mummies (D:10)
  7 gnolls
  A howler monkey skeleton (D:4)
  4 howler monkey zombies
  10 adders
  A shadow imp (D:7)
  2 white imps
  An adder zombie (Ossuary)
  2 adder skeletons (D:4)
  A worm (D:3)
  47 orcs
  4 endoplasms
  5 giant cockroaches
  14 goblins
  11 hobgoblins
  7 jackals
  25 kobolds
  4 quokkas
  8 ball pythons
  6 bats
  5 frilled lizards
  A hobgoblin skeleton (Ossuary)
  2 kobold zombies (Ossuary)
  3 orc skeletons (Ossuary)
  2 orc zombies (Ossuary)
  4 rats (D:2)
288 creatures vanquished.

Vanquished Creatures (collateral kills)
  9 foxfires (D:9)
9 creatures vanquished.

Vanquished Creatures (others)
  1228 foxfires
  3 fungi (D:9)
  3 plants (D:9)
  A withered plant (D:10)
1235 creatures vanquished.

Grand Total: 1532 creatures vanquished

Notes
Turn   | Place    | Note
-------+----------+-------------------------------------------
     0 | D:1      | Lanoc the Formicid Fire Elementalist began the quest for
                  | the Orb.
     0 | D:1      | Reached XP level 1. HP: 13/13 MP: 3/3
   455 | D:1      | Reached XP level 2. HP: 19/19 MP: 1/5
   795 | D:2      | Reached XP level 3. HP: 24/24 MP: 0/6
  1061 | D:2      | Reached skill level 4 in Fire Magic
  1076 | D:2      | Reached XP level 4. HP: 7/30 MP: 0/7
  1642 | D:2      | Found a faded altar of an unknown god.
  1650 | D:2      | Became a worshipper of Ashenzari the Shackled
  2130 | D:3      | Found a white marble altar of Elyvilon.
  2397 | D:3      | Learned a level 4 spell: Sticky Flame
  2458 | D:3      | Reached XP level 5. HP: 5/35 MP: 0/8
  2824 | D:3      | Reached skill level 5 in Fire Magic
  2975 | D:3      | Reached * piety under Ashenzari
  3228 | D:3      | Reached XP level 6. HP: 41/41 MP: 5/9
  3653 | D:3      | Found a glowing golden altar of the Shining One.
  4110 | D:4      | Reached ** piety under Ashenzari
  4328 | D:4      | Reached skill level 6 in Fire Magic
  4558 | D:4      | Reached XP level 7. HP: 46/46 MP: 4/11
  4863 | D:4      | Reached skill level 1 in Shields
  4863 | D:4      | Reached skill level 1 in Conjurations
  5687 | D:4      | Found a staircase to the Ecumenical Temple.
  5694 | Temple   | Entered the Ecumenical Temple
  5745 | D:4      | Found a shadowy altar of Dithmenos.
  5913 | D:5      | Entered Level 5 of the Dungeon
  6194 | D:5      | Reached XP level 8. HP: 46/52 MP: 8/13
  6212 | D:5      | Reached skill level 7 in Fire Magic
  6704 | D:5      | Found an ancient bone altar of Kikubaaqudgha.
  6711 | D:5      | Found an iron altar of Okawaru.
  6711 | D:5      | Found a snail-covered altar of Cheibriados.
  6724 | D:5      | Reached *** piety under Ashenzari
  7479 | D:5      | Found a sparkling altar of Nemelex Xobeh.
  7525 | D:5      | Noticed Eustachio
  7534 | D:5      | Killed Eustachio
  7535 | D:5      | Reached skill level 5 in Dodging
  7535 | D:5      | Reached skill level 8 in Fire Magic
  7537 | D:5      | Reached XP level 9. HP: 57/57 MP: 4/14
  8281 | D:6      | Found Ighint's Book Boutique.
  8302 | D:6      | Found a burning altar of Makhleb.
  8565 | D:6      | Reached **** piety under Ashenzari
  8708 | D:7      | Found a sand-covered staircase.
  8755 | D:7      | Reached skill level 5 in Shields
  8854 | Ossuary  | Entered an ossuary
  9107 | Ossuary  | Reached skill level 9 in Fire Magic
  9846 | D:7      | Found a hide-covered altar of Uskayaw.
 10402 | D:8      | Reached XP level 10. HP: 63/63 MP: 11/15
 10427 | D:8      | Noticed an orc sorcerer
 10433 | D:8      | Noticed an ice devil
 10438 | D:8      | Killed an orc sorcerer
 10439 | D:8      | Reached skill level 10 in Fire Magic
 10495 | D:8      | Reached skill level 5 in Conjurations
 11383 | D:9      | Reached ***** piety under Ashenzari
 11676 | D:9      | Found a staircase to the Lair.
 11767 | D:9      | Reached skill level 11 in Fire Magic
 12028 | D:9      | Found Cafur's Weapon Shop.
 12241 | D:10     | Entered Level 10 of the Dungeon
 12278 | D:10     | Noticed Maggie
 12380 | D:10     | Reached XP level 11. HP: 69/69 MP: 14/18
 12712 | D:10     | Noticed Snorg
 13022 | D:9      | Learned a level 5 spell: Fireball
 13028 | D:9      | Learned a level 5 spell: Bolt of Magma
 13042 | D:9      | Killed Maggie
 13043 | D:9      | Reached skill level 12 in Fire Magic
 13177 | D:10     | Slain by Snorg

Illustrated notes

Levels and vault maps discovered:
D:1:      lemuel_arrival_muddy, layout_basic, minmay_misc_feat_enclosed,
          minmay_splitting_lines
D:2:      layout_loops_ring, ebering_ecumenical_altar_box
D:3:      minmay_chambers_of_threes, layout_loops_ring, tso_altar,
          general_overflow_altar
D:4:      layout_cave_pools, lemuel_coloured_pillars_altar, temple_green,
          minmay_between
D:5:      corexii_shantytown, layout_basic, lemuel_doored_altar,
          nicolae_overflow_hidden_temple, uniq_eustachio
D:6:      layout_rooms, old_standard_altar, serial_shops, shop,
          columned_hall_lemuel
D:7:      layout_rooms, nicolae_uskayaw_suspiria, nicolae_ossuary_entry_ruins
D:8:      cheibrodos_wizards_tower, layout_basic, minmay_nine_imps
D:9:      layout_stronghold, grunt_lair_entry_orc_guard_hut, serial_shops,
          kennysheep_little_box
D:10:     layout_long_grid, serial_undead, serial_undead_a, serial_undead_c,
          serial_undead_f, serial_undead_b, serial_undead_a, serial_undead_c,
          serial_undead_a, serial_undead_a, nooodl_orcs_dogs, uniq_maggie,
          uniq_snorg
Temple:   cyrus_circular_temple

Skill      XL: |  1  2  3  4  5  6  7  8  9 10 11 |
---------------+----------------------------------+-----
Dodging        | 2 3 4 5 6 7 |  7.9
Fire Magic     | 4 5 6 8 9 11 12 | 12.0
Shields        | 2 4 5 |  5.7
Conjurations   | 2 3 4 6 |  6.7
Stealth        | |  2.4
Spellcasting   | |  2.1

Action                   |  1- 3 |  4- 6 |  7- 9 | 10-12 || total
-------------------------+-------+-------+-------+-------++-------
Melee: Unarmed           |     8 |    19 |       |       ||    27
       Dagger            |       |    22 |       |       ||    22
       War axe           |       |     1 |    78 |   110 ||   189
 Cast: Foxfire           |    34 |   134 |   305 |   239 ||   712
       Sticky Flame      |       |       |     7 |    12 ||    19
       Bolt of Magma     |       |       |       |     4 ||     4
Invok: Curse Item        |       |     3 |     5 |     2 ||    10
       Shatter the Chain |       |     1 |     1 |     1 ||     3
 Abil: Dig               |       |       |     3 |       ||     3
  Use: Scroll            |       |       |       |     1 ||     1
 Stab: Sleeping          |       |       |     7 |       ||     7
Armor: Robe              |       |    20 |    23 |    55 ||    98
Dodge: Dodged            |     5 |    65 |    97 |   102 ||   269
Block: Kite shield       |       |       |    74 |    98 ||   172

Table legend: (Time is in decaauts)
 A = Elapsed time spent in this place.
 B = Non-inter-level travel time spent in this place.
 C = Inter-level travel time spent in this place.
 D = Time resting spent in this place.
 E = Time spent auto-exploring this place.
 F = Levels seen in this place.
 G = Mean time per level.
                   A        B        C        D        E       F      G
               +--------+--------+--------+--------+--------+-----+--------+
         Total |  13280 |  12917 |    363 |   1671 |   8956 |  12 | 1106.7 |
       Dungeon |  12452 |  12089 |    363 |   1312 |   8718 |  10 | 1245.2 |
        Temple |      1 |      1 |      0 |      0 |      0 |   1 |    1.0 |
       Ossuary |    825 |    825 |      0 |    359 |    238 |   1 |  825.0 |
               +--------+--------+--------+--------+--------+-----+--------+

Top non-repeatable levels by time:
     D:3: 2191 daAuts
     D:5: 2012 daAuts
     D:2: 1530 daAuts
     D:4: 1408 daAuts
     D:9: 1170 daAuts
     D:8: 1047 daAuts
     D:7: 922 daAuts
 Ossuary: 825 daAuts
     D:1: 788 daAuts
     D:6: 743 daAuts
    D:10: 639 daAuts
  Temple: 1 daAuts
